 Dungeon Crawl Stone Soup version 0.22.1-2-g9c5b331 (webtiles) character file.

414 Heatsaber the Ducker (level 6, -1/24 HPs)
             Began as a Felid Conjurer on Dec 23, 2018.
             Slain by a jackal (3 damage)
             ... on level 3 of the Dungeon.
             The game lasted 00:32:17 (3631 turns).

Heatsaber the Ducker (Felid Conjurer)               Turns: 3631, Time: 00:32:17

Health: -1/24      AC:  2    Str:  4    XL:     6   Next: 60%
Magic:  4/12       EV: 25    Int: 18    God:
Gold:   107        SH:  0    Dex: 17    Spells: 2/12 levels left
                                        Lives:  0   Deaths: 1

rFire    . . .     SeeInvis +   (weapon unavailable)
rCold    . . .     Gourm    .   (shield unavailable)
rNeg     . . .     Faith    .   (armour unavailable)
rPois    .         Spirit   .   (helmet unavailable)
rElec    .         Reflect  .   (cloak unavailable)
rCorr    .         Harm     .   (gloves unavailable)
MR       .....                  (boots unavailable)
Stlth    +++.......             c - amulet of magic regeneration
HPRegen  0.08/turn              (no ring)
MPRegen  0.38/turn              s - +3 ring of evasion

@: very slightly contaminated, quick
A: very small, no armour, no weapons or thrown items, stealth, claws 1, fangs 3,
see invisible, carnivore, speed 1, shaggy fur 2, slow metabolism 1, sharp paws
a: no special abilities


You were on level 3 of the Dungeon.
You were very full.

You visited 1 branch of the dungeon, and saw 3 of its levels.
You also visited: Sewer.

You collected 107 gold pieces.

Inventory:

Jewellery
 a - an uncursed amulet of the acrobat
 c - an amulet of magic regeneration (around neck)
 s - a +3 ring of evasion (right paw)
Scrolls
 e - a scroll of enchant armour {unknown}
 f - 2 scrolls of remove curse
 h - 3 scrolls of teleportation
 i - a scroll of magic mapping
 k - a scroll of fog
 l - a scroll of blinking
Potions
 d - 2 potions of lignification
 g - 2 potions of heal wounds {unknown}
 m - a potion of brilliance {unknown}
 n - 3 potions of magic {unknown}
 o - 3 potions of curing {unknown}
 p - a potion of might {unknown}
 q - a potion of haste {unknown}
 r - a potion of agility {unknown}
Comestibles
 b - 6 rations
 j - a chunk of flesh


   Skills:
 + Level 6.4 Dodging
 - Level 4.0 Stealth
 + Level 3.7 Spellcasting
 - Level 5.1 Conjurations
 + Level 2.1 Hexes


You had 2 spell levels left.
You knew the following spells:

 Your Spells              Type           Power        Failure   Level  Hunger
a - Magic Dart            Conj           ###.         1%          1    None
b - Searing Ray           Conj           ###...       2%          2    ##.....
c - Dazzling Spray        Conj/Hex       ###...       11%         3    ###....
d - Fulminant Prism       Conj/Hex       ###.......   34%         4    ####...

Your spell library contained the following spells:

 Spells                   Type           Power        Failure   Level  Hunger
 Summon Small Mammal      Summ           #...         16%         1    None
 Call Imp                 Summ           #.......     22%         2    ##.....
 Iskenderun's Mystic Bla  Conj           ###.....     19%         4    ####...
 Summon Guardian Golem    Hex/Summ       #.......     30%         3    ###....
 Call Canine Familiar     Summ           #.......     41%         3    ###....
 Force Lance              Conj/Tloc      ##......     47%         4    ####...
 Summon Ice Beast         Ice/Summ       #.......     83%         4    ####...
 Summon Lightning Spire   Summ/Air       #.......     83%         4    ####...


Dungeon Overview and Level Annotations

Branches:
Dungeon (3/15)

Altars:
Ru


Innate Abilities, Weirdness & Mutations

You cannot wear armour.
You are incapable of wielding weapons or throwing items.
Your paws allow you to move quietly. (Stealth)
You have sharp claws.
You have razor-sharp teeth.
You have supernaturally acute eyesight. (SInv)
You are carnivorous and can eat meat at any time.
You cover ground quickly.
You are covered in thick fur. (AC +2)
You have a slow metabolism.
Your sharp claws are effective at attacking unaware monsters.


Message History

The jackal completely misses you. The jackal closely misses you.
The searing ray hits the jackal.
You kill the jackal!
The jackal closely misses you.
The searing ray hits the jackal.
You kill the jackal!
The jackal misses you.
The searing ray misses the jackal.
You finish channeling your searing ray.
The orc priest calls down the wrath of Beogh upon you.
Beogh smites you! The jackal closely misses you.
The jackal completely misses you. The jackal barely misses you.
The jackal barely misses you.
The orc priest calls down the wrath of Beogh upon you.
Beogh smites you!
Ouch! That really hurt!
* * * LOW HITPOINT WARNING * * *
The jackal bites you.
* * * LOW HITPOINT WARNING * * *
The jackal misses you. The jackal bites you.
You die...

.....# #.#......#......## #..
.....# #.#.#.#..#......... ..
###########.#.#.#..#.....#### #
............#.#.#..#....... #
.........####.#.#..#...#.########
########.####.#.#..#.............
#........#..#.#.#.#.#....#
#############.###..#.#.#.#.#.....
............o..h@....#.#.#.#....#
............o.########.#.#.#.#'##
.###..................)....#.#.##
.# #.##..#############.#...#.#...
.###.##..# #.# #.#...#.####
.....##..# #.# #...#.# .######..#
#.# ..# .# #.h# #.# ... .#
#..####.########.# ###


You could see an orc priest, an orc and a jackal.

Vanquished Creatures
  An ice beast (D:3)
  2 bullfrogs (Sewer)
  Terence (D:2)
  8 adders
  3 gnolls (D:2)
  5 river rats
  2 oozes
  2 worms
  4 dart slugs
  3 leopard geckos
  4 orcs (D:3)
  12 ball pythons
  9 bats
  5 giant cockroaches
  6 goblins
  7 hobgoblins
  6 jackals
  9 kobolds
  2 quokkas
  7 frilled lizards
  32 rats
130 creatures vanquished.

Vanquished Creatures (others)
  2 fulminant prisms (D:3)
2 creatures vanquished.

Grand Total: 132 creatures vanquished

Notes
Turn   | Place    | Note
-------+----------+-------------------------------------------
     0 | D:1      | Heatsaber the Felid Conjurer began the quest for the Orb.
     0 | D:1      | Reached XP level 1. HP: 7/7 MP: 4/4
   166 | D:1      | Reached skill level 3 in Dodging
   213 | D:1      | Reached XP level 2. HP: 10/11 MP: 0/6
   217 | D:1      | Learned a level 2 spell: Searing Ray
   670 | D:1      | Reached XP level 3. HP: 14/14 MP: 2/7
   814 | D:1      | Learned a level 3 spell: Dazzling Spray
  1090 | D:2      | Reached skill level 4 in Dodging
  1180 | D:2      | Reached XP level 4. HP: 17/18 MP: 3/8
  1546 | D:2      | Found a sacrificial altar of Ru.
  1677 | D:2      | Noticed Terence
  1710 | D:2      | Killed Terence
  1988 | D:2      | Reached XP level 5. HP: 21/21 MP: 5/9
  2117 | D:3      | Found a glowing drain.
  2155 | Sewer    | Entered a sewer
  2241 | Sewer    | Reached skill level 5 in Dodging
  2472 | Sewer    | Slain by an adder
  2473 | Sewer    | Reached XP level 4. HP: -1/18 MP: 3/9
  2582 | Sewer    | Reached XP level 5. HP: 21/21 MP: 8/10
  2653 | Sewer    | Reached skill level 5 in Conjurations
  2793 | Sewer    | Reached skill level 6 in Dodging
  2793 | Sewer    | Gained mutation: You are covered in thick fur. (AC +2)
                  | [Felid growth]
  2793 | Sewer    | Reached XP level 6. HP: 12/24 MP: 6/12
  2992 | D:3      | Learned a level 4 spell: Fulminant Prism
  3169 | D:3      | Noticed an ice beast
  3191 | D:3      | Killed an ice beast
  3191 | D:3      | Reached skill level 1 in Hexes
  3631 | D:3      | Slain by a jackal

Skill      XL: |  1  2  3  4  5  6 |
---------------+-------------------+-----
Dodging        | 3 4 6 |  6.4
Stealth        | 3 4 |  4.0
Conjurations   | 4 5 |  5.1
Spellcasting   | 3 |  3.7
Hexes          | 2 |  2.1

Action                   |  1- 3 |  4- 6 || total
-------------------------+-------+-------++-------
Melee: Unarmed           |    26 |    20 ||    46
       Bite              |     1 |     6 ||     7
 Cast: Magic Dart        |    81 |    90 ||   171
       Searing Ray       |     7 |    23 ||    30
       Dazzling Spray    |     1 |    10 ||    11
       Fulminant Prism   |       |     2 ||     2
  Use: Scroll            |     4 |     5 ||     9
 Stab: Sleeping          |     1 |     1 ||     2
       Invisible         |       |     1 ||     1
  Eat: Chunk             |     9 |    13 ||    22
Armor: Skin              |     2 |     2 ||     4
Dodge: Dodged            |    59 |   100 ||   159
